 Dungeon Crawl Stone Soup version 0.31-a0-1144-g99969ba1bc (webtiles) character file.

Game seed: 3621548218534307652

207 Crownlay the Stinger (level 5, -2/35 HPs)
             Began as a Merfolk Venom Mage on Dec 6, 2023.
             Slain by a sky beast (6 damage)
             ... on level 4 of the Dungeon.
             The game lasted 00:06:12 (3740 turns).

Crownlay the Stinger (Merfolk Venom Mage)           Turns: 3740, Time: 00:06:12

Health: -2/35      AC:  3    Str:  8    XL:     5   Next: 85%
Magic:  4/10       EV: 12    Int: 16    God:
Gold:   67         SH:  0    Dex: 15    Spells: 8/11 levels left

rFire   . . .        g - +2 dagger (drain)
rCold   . . .        (no shield)
rNeg    . . .        a - +0 robe
rPois   .            (no helmet)
rElec   .            (no cloak)
rCorr   .            (no gloves)
SInv    .            l - +0 pair of boots
Will    .....        (no amulet)
Stlth   ++           (no ring)
HPRegen 0.25/turn    (no ring)
MPRegen 0.12/turn

%: no passive effects
@: no status effects
A: (nimble swimmer 2), mertail
a: no special abilities


You were on level 4 of the Dungeon.
You visited 1 branch of the dungeon, and saw 4 of its levels.

You collected 157 gold pieces.
You spent 90 gold pieces at shops.

Inventory:

Hand Weapons
 g - a +2 dagger of draining (weapon)
 k - a +1 mace of holy wrath
Armour
 a - a +0 robe (worn)
 l - a +0 pair of boots (worn)
Talismans
 c - a flux talisman
Scrolls
 h - 2 scrolls of teleportation
 m - a scroll of identify
 o - a scroll of amnesia {unknown}
 p - a scroll of poison
Potions
 b - a potion of magic
 d - 3 potions of heal wounds
 f - 4 potions of enlightenment {unknown}
 i - a potion of attraction {unknown}
 j - a potion of might {unknown}
 n - a potion of lignification {unknown}


   Skills:
 - Level 2.6 Dodging
 - Level 2.1 Stealth
 + Level 3.5 Spellcasting
 - Level 4.0 Transmutations
 + Level 4.9 Poison Magic


You had 8 spell levels left.
You knew the following spells:

 Your Spells              Type           Power      Damage    Failure   Level
a - Sting                 Tmut/Pois      68%        1d6       2%          1
b - Poisonous Vapours     Pois/Air       20%        N/A       10%         2

Your spell library contained the following spells:

 Spells                   Type           Power      Damage    Failure   Level
 Summon Small Mammal      Summ           8%         N/A       19%         1
 Olgreb's Toxic Radiance  Pois           18%        N/A       22%         4
 Mephitic Cloud           Conj/Pois/Air  8%         N/A       26%         3
 Call Canine Familiar     Summ           2%         N/A       47%         3
 Stone Arrow              Conj/Erth      4%         3d7       47%         3
 Summon Guardian Golem    Hex/Summ       2%         N/A       47%         3
 Animate Armour           Summ/Erth      4%         N/A       87%         4
 Lehudib's Crystal Spear  Conj/Erth      1%         10d2      100%        8


Dungeon Overview and Level Annotations

Branches:
Dungeon (4/15)
 Temple: D:4-7

Altars:
Fedhas

Shops:
D:2 *   D:3 ?


Innate Abilities, Weirdness & Mutations

((You are very nimble when in or above water. (Stealth+, EV+, Speed+++)))
Your lower body shifts to a powerful aquatic tail in water.


Message History

Casting: Sting (safe; 2% risk of failure)
Confirm with . or Enter, or press ? or * to list all spells.
Aiming: Sting (safe; 2% risk of failure)
Press: ? - help, Shift-Dir - straight line, f - you
Okay, then.
Casting: Sting (safe; 2% risk of failure)
Confirm with . or Enter, or press ? or * to list all spells.
Aiming: Sting (safe; 2% risk of failure)
Press: ? - help, Shift-Dir - straight line The sting hits something.
Something hits you. Something shocks you.
Casting: Sting (safe; 2% risk of failure)
Confirm with . or Enter, or press ? or * to list all spells.
Aiming: Sting (safe; 2% risk of failure)
Press: ? - help, Shift-Dir - straight line The sting hits something.
Something hits you. Something shocks you.
Casting: Sting (safe; 2% risk of failure)
Confirm with . or Enter, or press ? or * to list all spells.
Aiming: Sting (safe; 2% risk of failure)
Press: ? - help, Shift-Dir - straight line Something hits you.
Something shocks you.
* * * LOW HITPOINT WARNING * * *
Casting: Sting (safe; 2% risk of failure)
Confirm with . or Enter, or press ? or * to list all spells.
Aiming: Sting (safe; 2% risk of failure)
Press: ? - help, Shift-Dir - straight line The sting hits something.
Something hits you but does no damage.
Casting: Sting (safe; 2% risk of failure)
Confirm with . or Enter, or press ? or * to list all spells.
Aiming: Sting (safe; 2% risk of failure)
Press: ? - help, Shift-Dir - straight line The sting hits something.
Something barely misses you.
Casting: Sting (safe; 2% risk of failure)
Confirm with . or Enter, or press ? or * to list all spells.
Aiming: Sting (safe; 2% risk of failure)
Press: ? - help, Shift-Dir - straight line The sting hits something but does no damage.
Something hits you.
* * * LOW HITPOINT WARNING * * *
Something shocks you.
You die...

...####..
##.....#.
#.......
##......##
##........
#.......#
#.....).##
...#...{....#..
.......@[.......
................
.........##.....
.ยง####....
###.# . #..... #
#...... #.....##
...##.#


There were no monsters in sight!

Vanquished Creatures
  A hound (D:3)
  A gnoll bouda (D:4)
  3 gnolls
  3 adders
  6 worms
  A dart slug (D:1)
  5 endoplasms
  6 giant cockroaches
  3 goblins
  8 hobgoblins
  3 jackals (D:2)
  2 quokkas
  5 ball pythons
  8 bats
  2 frilled lizards
  8 kobolds
  11 rats
76 creatures vanquished.

Notes
Turn   | Place    | Note
-------+----------+-------------------------------------------
     0 | D:1      | Crownlay the Merfolk Venom Mage began the quest for the
                  | Orb.
     0 | D:1      | Reached XP level 1. HP: 13/13 MP: 3/3
   147 | D:1      | Reached XP level 2. HP: 19/19 MP: 1/5
   595 | D:1      | Reached XP level 3. HP: 24/24 MP: 1/6
  1212 | D:2      | Identified the +7 chain mail "Semopn" {Int+3 Stlth+}
  1219 | D:2      | Learned a level 2 spell: Poisonous Vapours
  1793 | D:2      | Reached XP level 4. HP: 30/30 MP: 6/8
  2118 | D:2      | Found Akloo's General Store.
  2471 | D:3      | Found Exeor's Magic Scroll Shop.
  2476 | D:3      | Bought a scroll of poison for 40 gold pieces
  2476 | D:3      | Bought a scroll of teleportation for 30 gold pieces
  2476 | D:3      | Bought a scroll of identify for 20 gold pieces
  2742 | D:3      | Found a blossoming altar of Fedhas.
  2869 | D:3      | Reached XP level 5. HP: 22/35 MP: 5/9
  3556 | D:4      | HP: 1/35 [gnoll/+0 spear[a gnoll bouda] (3)]
  3692 | D:4      | Noticed a sky beast
  3740 | D:4      | Slain by a sky beast

Illustrated notes

Levels and vault maps discovered:
D:1:      minmay_arrival_diagonal_passages, layout_basic
D:2:      layout_loops_corners, serial_shops, shop
D:3:      layout_basic, mainiacjoe_overflow_24_doors, serial_shops, shop,
          st_stairs_4, minmay_misc_feat_iff, kennysheep_donut
D:4:      layout_cave_pools, nicolae_dithmenos_the_darkroom, uniq_pikel,
          uniq_robin

Skill      XL: |  1  2  3  4  5 |
---------------+----------------+-----
Transmutations | 2 3 4 |  4.0
Poison Magic   | 4 |  4.9
Spellcasting   | 3 |  3.5
Dodging        | |  2.6
Stealth        | |  2.1

Action                     |  1- 3 |  4- 6 || total
---------------------------+-------+-------++-------
  Melee: Short sword       |    15 |       ||    15
         Unarmed           |     5 |       ||     5
         Dagger            |    28 |    31 ||    59
   Cast: Sting             |    64 |    84 ||   148
         Poisonous Vapours |       |     4 ||     4
    Use: Scroll            |       |     2 ||     2
 Armour: Robe              |    28 |    53 ||    81
  Dodge: Dodged            |    39 |    46 ||    85

Table legend: (Time is in decaauts)
 A = Elapsed time spent in this place.
 B = Non-inter-level travel time spent in this place.
 C = Inter-level travel time spent in this place.
 D = Time resting spent in this place.
 E = Time spent auto-exploring this place.
 F = Levels seen in this place.
 G = Mean time per level.
                   A        B        C        D        E       F      G
               +--------+--------+--------+--------+--------+-----+--------+
         Total |   3738 |   3675 |     63 |      0 |   3151 |   4 |  934.5 |
       Dungeon |   3738 |   3675 |     63 |      0 |   3151 |   4 |  934.5 |
               +--------+--------+--------+--------+--------+-----+--------+

Top non-repeatable levels by time:
     D:3: 1441 daAuts
     D:2: 1128 daAuts
     D:1: 1114 daAuts
     D:4: 54 daAuts
